 Dungeon Crawl Stone Soup version 0.18.1-48-g4cf74bf (webtiles) character file.

46 sarahorange the Conjurer (level 3, -1/21 HPs)
             Began as a High Elf Conjurer on July 30, 2016.
             Slain by a gnoll
             ... wielding a +0 spear
              (8 damage)
             ... on level 2 of the Dungeon.
             The game lasted 00:14:16 (1841 turns).

sarahorange the Conjurer (High Elf Conjurer)        Turns: 1841, Time: 00:14:17

Health: -1/21      AC:  2    Str:  7    XL:     3   Next: 46%
Magic:  0/8        EV: 13    Int: 20    God:
Gold:   107        SH:  0    Dex: 15    Spells: 2 memorised, 4 levels left

rFire  . . .     SeeInvis .     q - +0 mace
rCold  . . .     Gourm    .     a - +0 robe
rNeg   . . .     Faith    .     (no shield)
rPois  .         Spirit   .     (no helmet)
rElec  .         Dismiss  .     (no cloak)
rCorr  .         Reflect  .     (no gloves)
SustAt .         Harm     .     (no boots)
MR     .....                    (no amulet)
Stlth  ++........               (no ring)
                                (no ring)

@: not resistant to hostile enchantments, unstealthy
A: no striking features
a: no special abilities


You were on level 2 of the Dungeon.
You were not hungry.

You visited 1 branch of the dungeon, and saw 2 of its levels.

You collected 107 gold pieces.

Inventory:

Hand Weapons
 q - a +0 mace (weapon)
Missiles
 d - 81 stones (quivered)
Armour
 a - a +0 robe (worn)
Scrolls
 e - a scroll of identify {unknown}
 g - 3 scrolls of remove curse
 j - a scroll of amnesia {unknown}
 l - 2 scrolls of immolation
 p - a scroll of fog {unknown}
Potions
 f - 2 potions of curing {unknown}
 h - a potion of might {unknown}
 i - a potion of lignification {unknown}
 m - 2 potions of brilliance {unknown}
 n - a potion of agility {unknown}
Books
 b - a book of Conjurations

   Spells                             Type                      Level
   a - Magic Dart                     Conjuration                  1
   b - Searing Ray                    Conjuration                  2
   c - Dazzling Spray                 Conjuration/Hexes            3
   d - Fulminant Prism                Conjuration/Hexes            4
   e - Iskenderun's Mystic Blast      Conjuration                  4
   f - Iskenderun's Battlesphere      Conjuration/Charms           5
Comestibles
 c - 2 bread rations
 k - a royal jelly
 o - a chunk of flesh


   Skills:
 + Level 0.2 Throwing
 + Level 2.4 Dodging
 + Level 2.1 Stealth
 * Level 2.9 Spellcasting
 * Level 5.4 Conjurations


You had 4 spell levels left.
You knew the following spells:

 Your Spells              Type           Power        Failure   Level  Hunger
a - Magic Dart            Conj           ###.         1%          1    None
b - Searing Ray           Conj           ###...       2%          2    ##.....


Dungeon Overview and Level Annotations

Branches:
Dungeon (2/15)

Altars:


Message History

The searing ray hits the gnoll.
The gnoll is lightly wounded.
The gnoll hits you from afar with a spear.
The gnoll misses you.
There is a stone staircase leading up here.
Casting: Searing Ray
Confirm with . or Enter, or press ? or * to list all spells.
Aiming: Searing Ray
Press: ? - help, Shift-Dir - straight line, f/p - gnoll
Aim: a gnoll, wielding a spear and wearing a chain mail (lightly wounded)
The searing ray hits the gnoll.
The gnoll is lightly wounded.
The gnoll hits you from afar with a spear!
The searing ray hits the gnoll.
The gnoll is lightly wounded.
The gnoll hits you from afar with a spear.
The searing ray hits the gnoll.
The gnoll is heavily wounded.
The gnoll hits you from afar with a spear!
You die...

#
####################
#..@.g..............
####################
# # # # # #####
#....


You could see a gnoll.

Vanquished Creatures
  2 gnolls (D:2)
  4 giant geckos
  A giant cockroach (D:1)
  A hobgoblin (D:1)
  4 jackals (D:1)
  A ball python (D:1)
  4 bats (D:1)
  A giant newt (D:1)
  3 kobolds (D:1)
  2 rats
23 creatures vanquished.

Notes
Turn   | Place    | Note
--------------------------------------------------------------
     0 | D:1      | sarahorange the High Elf Conjurer began the quest for the Orb.
     0 | D:1      | Reached XP level 1. HP: 11/11 MP: 4/4
     3 | D:1      | You fall through a shaft!
   740 | D:1      | Reached XP level 2. HP: 17/17 MP: 1/6
   744 | D:1      | Learned a level 2 spell: Searing Ray
  1028 | D:1      | Reached skill level 5 in Conjurations
  1640 | D:2      | Reached XP level 3. HP: 21/21 MP: 2/8
  1841 | D:2      | Slain by a gnoll

Skill      XL: |  1  2 |
---------------+-------+-----
Conjurations   | 5 |  5.4
Throwing       | |  0.2
Dodging        | |  2.4
Stealth        | |  2.1
Spellcasting   | |  2.9

Action                   || total
-------------------------++-------
Melee: Unarmed           ||    11
Throw: Stone             ||    19
 Cast: Magic Dart        ||    31
       Searing Ray       ||    10
  Use: Scroll            ||     2
  Eat: Chunk             ||     2
       Beef jerky        ||     1
Armor: Robe              ||     2
Dodge: Dodged            ||    19
